 Dungeon Crawl Stone Soup version 0.31-a0-702-gf82c85558f (webtiles) character file.

Game seed: 11460188313467994583

190304 qw the Marksgargoyle (level 18, -6/140 HPs)
             Began as a Gargoyle Hunter on Sept 8, 2023.
             Was a High Priest of Okawaru.
             Mangled by a ghoul (17 damage)
             ... on level 1 of the Swamp.
             The game lasted 00:14:54 (25002 turns).

qw the Marksgargoyle (Gargoyle Hunter)             Turns: 25002, Time: 00:14:54

Health: -6/140     AC: 35    Str: 22    XL:     18   Next: 61%
Magic:  24/25      EV: 26    Int: 12    God:    Okawaru [*****.]
Gold:   555        SH:  0    Dex: 23    Spells: 17/17 levels left

rFire   + . .        b - +8 longbow
rCold   + + .        (shield currently unavailable)
rNeg    + . .        n - +0 troll leather armour
rPois   inf          c - +2 helmet
rElec   +            t - +0 cloak of Sorcery {Int+3 Dex+4}
rCorr   .            g - +2 pair of gloves
SInv    +            k - +2 pair of boots
Will    +....        r - amulet of faith
Stlth   +++          x - ring of protection from fire
HPRegen 1.23/turn    A - ring "Yreqial" {+Blink rC+ Str+4 SInv}
MPRegen 0.19/turn

%: faith
@: heroic, flying
A: sickness immunity, AC +13, big wings, negative energy resistance 1,
electricity resistance, torment resistance 1, petrification resistance,
iridescent scales 2, cold resistance 1, robust 1
a: Renounce Religion, Evoke Blink, Heroism, Finesse, Duel


You were on level 1 of the Swamp.
You worshipped Okawaru.
Okawaru was extremely pleased with you.
You visited 6 branches of the dungeon, and saw 27 of its levels.

You collected 2574 gold pieces.
You spent 2019 gold pieces at shops.


Innate Abilities, Weirdness & Mutations

You are immune to sickness and miasma.
Your stone body is resilient. (AC +13)
You are immune to poison.
Your large and strong wings let you fly.
You resist negative energy. (rN+)
You are resistant to electric shocks. (rElec)
You are resistant to unholy torment.
You are immune to petrification.
You are mostly covered in iridescent scales. (AC +4)
Your flesh is cold resistant. (rC+)
You are robust. (+10% HP)


   Skills:
 - Level 19.0(24.0) Fighting
 - Level 20.0(25.0) Ranged Weapons
 - Level 10.7(15.7) Armour
 + Level 12.2(17.2) Dodging
 - Level 1.1(6.1) Stealth
 - Level 10.0 Invocations


You had 17 spell levels left.
You didn't know any spells.
Your spell library was empty.

Inventory:

Hand Weapons
 b - a +8 longbow (weapon)
 z - the +7 orcbow of Xucroquxt {freeze, rF++ Str+2}
   (You found it on level 14 of the Dungeon)

   Str+2:     It affects your strength (+2).
   rF++:      It greatly protects you from fire.
Armour
 c - a +2 helmet (worn)
 d - a +1 robe of fire resistance
 g - a +2 pair of gloves (worn)
 k - a +2 pair of boots (worn)
 n - a +0 troll leather armour (worn)
 q - the +1 ring mail of Hangman {rPois rN+ rCorr SInv}
   (You found it on level 8 of the Dungeon)

   rPois:     It protects you from poison rN+: It protects you from negative
   energy.
   SInv:      It lets you see invisible.
   rCorr:     It protects you from acid and corrosion.
 t - the +0 cloak of Sorcery (worn) {Int+3 Dex+4}
   (You bought it in a shop on level 12 of the Dungeon)

   Int+3:     It affects your intelligence (+3).
   Dex+4:     It affects your dexterity (+4).
Jewellery
 e - an amulet of regeneration
 r - an amulet of faith (around neck)
 v - a ring of protection from cold
 x - a ring of protection from fire (left hand)
 A - the ring "Yreqial" (right hand) {+Blink rC+ Str+4 SInv}
   (You found it on level 14 of the Dungeon)

   [ring of protection from cold]

   Str+4:     It affects your strength (+4).
   rC+:       It protects you from cold.
   SInv:      It lets you see invisible.
   +Blink:    It lets you blink.
 Y - a ring of willpower
Wands
 u - a wand of digging (13)
Scrolls
 l - a scroll of identify
 m - a scroll of enchant armour
Potions
 a - 3 potions of mutation
 f - 7 potions of enlightenment
 h - a potion of resistance
 i - a potion of might
 j - 2 potions of haste
 o - 13 potions of curing
 p - a potion of magic
 s - a potion of cancellation

Dungeon Overview and Level Annotations

Branches:
Dungeon (15/15)            Temple (1/1) D:4            Lair (5/5) D:8
  Swamp (1/4) Lair:2        Snake (3/4) Lair:3        Slime (0/5) Lair:5
    Orc (2/2) D:10            Elf (0/3) Orc:2        Vaults (0/5) D:13
 Depths (0/4) D:15

Altars:
Ashenzari
Cheibriados
Dithmenos
Elyvilon
Fedhas
Gozag
Hepliaklqana
Kikubaaqudgha
Makhleb
Nemelex Xobeh
Okawaru
Qazlal
Ru
Sif Muna
Trog
Uskayaw
Vehumet
Wu Jian
Xom
Yredelemnul
Zin
The Shining One
Jiyva

Shops:
D:1 =*[[   D:3 =   D:12 *   D:15 *(   Orc:2 *(((

Annotations:
D:10 2 runed translucent doors, qw's ghost, journeyman GrHu
Snake:3 2 transporters, Icun's ghost, journeyman GnWr
Orc:1 3 runed translucent doors, blexxed's ghost, journeyman DsFi


Message History

24991 ||| INVOKING Heroism.
You gain the combat prowess of a mighty hero.
The ghoul completely misses you. The ghoul closely misses you.
The ghoul claws you but does no damage. The ghoul completely misses you.
You shoot an arrow. The arrow barely misses the ghoul.
The ghoul claws you but does no damage. x2
You shoot an arrow. The arrow hits the ghoul!!
The ghoul is severely damaged.
The ghoul completely misses you. The ghoul claws you but does no damage.
You shoot an arrow. The arrow hits the ghoul!!
The ghoul is almost destroyed.
The ghoul misses you.
The ghoul splashes around in the water.
The ghoul claws you! x2
You shoot an arrow. The arrow closely misses the ghoul.
The ghoul claws you!
The ghoul splashes around in the water.
You shoot an arrow. The arrow closely misses the ghoul.
The ghoul barely misses you. The ghoul claws you but does no damage.
You shoot an arrow. The arrow hits the ghoul!!
The ghoul is moderately damaged.
You shoot an arrow. The arrow hits the ghoul.
The ghoul is almost destroyed.
The ghoul claws you but does no damage. The ghoul misses you.
The ghoul completely misses you. The ghoul misses you.
You shoot an arrow. The arrow hits the ghoul!
The ghoul is almost destroyed.
The ghoul claws you! x2; The ghoul closely misses you.
The ghoul claws you but does no damage. The ghoul closely misses you.
The ghoul completely misses you.
You shoot an arrow. The arrow hits the ghoul!!
You destroy the ghoul!
Okawaru accepts your kill.
You shoot an arrow. The arrow hits the ghoul.
The ghoul is moderately damaged.
The ghoul splashes around in the water. x2; The ghoul claws you!
The ghoul misses you.
You shoot an arrow. The arrow hits the ghoul!!!
The ghoul is heavily damaged.
The ghoul completely misses you.
The ghoul splashes around in the water.
The ghoul completely misses you. The ghoul claws you!
You die... 777777777777777

77~..~..~...~..7.
7~.~........nn~.n
7..~..~.~.~.~..~.
7~.~~.¤.~....~.~~
7.~~~~~..~~777777
77..~.....%7777777777
7..~......n@..7.....77
7...~~....n...~~..~.~77
7........~...~...7.~..7
7.......~..77777777)..7
77~.¤~...~~7 7777777).77 77
7.~¤.~..~.777.......~.7777.
.~....~...77.~....~.....77~
7.....~..~77....~~.~~~~.77~
..........777...¤...~~~777~


You could see 2 ghouls.

Vanquished Creatures
  Vashnia (Snake:3)
  Nikola (Snake:3)
  Frances (Snake:2)
  Agnes (Snake:1)
  Kirke (D:13)
  Aizul (Snake:1)
  Roxanne (Snake:3)
  A nagaraja (Snake:3)
  Louise (Snake:1)
  3 orc warlords
  A war gargoyle (D:14)
  A caustic shrike zombie (D:15)
  3 ghouls (Swamp:1)
  Nessos (Lair:5)
  2 dire elephants (Swamp:1)
  An ettin (Orc:2)
  A salamander tyrant (Snake:2)
  2 catoblepae
  5 hydras
  3 alligators (Swamp:1)
  7 anacondas
  A ghost crab (Swamp:1)
  A death knight (D:13)
  A two-headed ogre (D:10)
  6 naga warriors
  3 tengu warriors
  5 boulder beetles
  3 centaur warriors
  7 death yaks (Lair:5)
  3 orc high priests (Orc:2)
  18 naga sharpshooters
  A shock serpent (shapeshifter) (D:14)
  A deep elf knight (Swamp:1)
  A skyshark (Lair:5)
  5 skeletal warriors (D:15)
  5 large abominations (D:14)
  3 salamander mystics
  A spriggan druid (Swamp:1)
  A deep elf archer (Swamp:1)
  2 phantasmal warriors (D:13)
  3 bog bodies
  A swamp dragon (Swamp:1)
  2 sea snakes (Snake:3)
  A flayed ghost (D:15)
  5 naga ritualists
  A tengu zombie (D:15)
  4 orc knights (Orc:2)
  5 deep elf pyromancers (Orc:1)
  A necromancer (D:15)
  A wizard (D:14)
  5 deep elf zephyrmancers (Orc:1)
  A tengu skeleton (D:15)
  A wolf spider (D:15)
  4 manticores
  5 orc sorcerers (Orc:2)
  9 ugly things
  3 will-o-the-wisps (Swamp:1)
  10 mana vipers
  5 cyclopes
  11 salamanders
  7 centaur zombies (D:10)
  16 elephants
  2 guardian serpents (Snake:3)
  22 black mambas
  13 naga magi
  2 gargoyles
  12 cane toads
  An efreet (D:14)
  4 rime drakes
  5 komodo dragons
  2 unseen horrors (D:12)
  3 unseen horror zombies (D:10)
  A tengu conjurer (D:13)
  4 trolls
  2 freezing wraiths (D:13)
  7 polar bears
  2 bloated husks (Swamp:1)
  6 hornets
  A tyrant leech (Swamp:1)
  7 blink frogs
  8 dream sheep (Lair:5)
  20 slime creatures
  An ettin skeleton (D:15)
  6 water elementals
  A spriggan (shapeshifter) (D:14)
  6 wyverns
  44 yaks
  3 vampires
  6 basilisks
  2 shadows
  16 spriggans
  A wraith (D:14)
  3 hogs (D:13)
  A steam dragon (D:9)
  10 vampire mosquitoes
  6 swamp worms (Swamp:1)
  Menkaure (D:4)
  An acid dragon (D:8)
  26 nagas
  7 wargs
  12 water moccasins
  7 small abominations (D:14)
  A hell hound (Swamp:1)
  2 swamp drakes (Swamp:1)
  An ice beast (D:5)
  28 orc warriors
  2 sky beasts
  4 black bears
  5 boggarts (Lair:5)
  22 wolves
  9 ogres
  3 centaurs (D:13)
  2 kobold brigands
  8 bullfrogs
  A scorpion (D:5)
  A two-headed ogre simulacrum (D:11)
  A gnoll sergeant (D:8)
  4 killer bees (D:5)
  3 electric eels
  5 howler monkeys
  2 hounds
  3 jellies
  19 orc priests
  3 sleepcaps
  Ijyb (D:4)
  An iron imp (D:10)
  4 iguanas
  5 hell rats
  34 orc wizards
  A troll simulacrum (D:11)
  A howler monkey zombie (D:10)
  7 gnolls
  9 adders
  3 naga simulacra (D:11)
  2 shadow imps
  A worm (D:2)
  4 dart slugs
  74 orcs
  11 endoplasms
  2 giant cockroaches
  9 goblins
  5 hobgoblins
  4 jackals (D:2)
  3 quokkas
  8 ball pythons
  3 bats
  7 frilled lizards
  14 kobolds
  2 quokka zombies (D:6)
  5 rats
841 creatures vanquished.

Vanquished Creatures (others)
  A black mamba (Snake:2)
  2 orc wizards (Orc:1)
  4 foxfires (Swamp:1)
7 creatures vanquished.

Grand Total: 848 creatures vanquished

Notes
Turn   | Place    | Note
-------+----------+-------------------------------------------
     0 | D:1      | qw the Gargoyle Hunter began the quest for the Orb.
     0 | D:1      | Reached XP level 1. HP: 12/12 MP: 1/1
     0 | D:1      | 0 ||| qw: Version: 0.3-a-76-g4403597
     0 | D:1      | 0 ||| qw: Game counter: 1262
     0 | D:1      | 0 ||| qw: Melee chars always use a shield: true
     0 | D:1      | 0 ||| qw: God list: Okawaru
     0 | D:1      | 0 ||| qw: Allow faded altars: false
     0 | D:1      | 0 ||| qw: Do Orc after clearing Dungeon:15 true
     0 | D:1      | 0 ||| qw: Do second Lair branch before Depths: true
     0 | D:1      | 0 ||| qw: Lair rune preference: random
     0 | D:1      | 0 ||| qw: Goals: Normal
     0 | D:1      | 0 ||| PLANNING D:1-11
    43 | D:1      | Found Vasammoj's Antique Armour Boutique.
    68 | D:1      | 68 ||| SHOPLISTING cloak (117 gold, have 0).
    68 | D:1      | 68 ||| SHOPLISTING crude hat (234 gold, have 0).
    68 | D:1      | 68 ||| SHOPLISTING embroidered hat (182 gold, have 0).
    68 | D:1      | 68 ||| SHOPLISTING glowing leather armour (130 gold, have
                  | 0).
   104 | D:1      | Found Rokkoana's Antique Armour Emporium.
   118 | D:1      | Reached XP level 2. HP: 17/17 MP: 2/2
   120 | D:1      | 120 ||| SHOPLISTING helmet (144 gold, have 16).
   136 | D:1      | Found Qedghizxi's Assorted Antiques.
   144 | D:1      | 144 ||| BUYING glowing coppery potion (19 gold).
   144 | D:1      | Bought a glowing coppery potion for 19 gold pieces
   144 | D:1      | 144 ||| SHOPLISTING glowing coppery potion (19 gold, have
                  | 7).
   144 | D:1      | 144 ||| SHOPLISTING glowing helmet (165 gold, have 7).
   144 | D:1      | 144 ||| SHOPLISTING scroll labelled YBIRAA CUFRU (22 gold,
                  | have 7).
   366 | D:1      | Found Kama's Jewellery Shoppe.
   373 | D:1      | 373 ||| SHOPLISTING +4 ring of slaying (1014 gold, have
                  | 23).
   373 | D:1      | 373 ||| SHOPLISTING +5 ring of evasion (468 gold, have 23).
   373 | D:1      | 373 ||| SHOPLISTING amulet of regeneration (390 gold, have
                  | 23).
   373 | D:1      | 373 ||| SHOPLISTING amulet of the acrobat (390 gold, have
                  | 23).
   373 | D:1      | 373 ||| SHOPLISTING ring of resist corrosion (260 gold,
                  | have 23).
   373 | D:1      | 373 ||| SHOPLISTING ring of see invisible (195 gold, have
                  | 23).
   527 | D:1      | 527 ||| READING scroll labelled KAOG EG TOKUTE.
   528 | D:1      | 528 ||| READING 2 scrolls labelled ETOUPRA BAONISE.
   531 | D:1      | 531 ||| READING 2 scrolls labelled LYOMOI KYEM IPHY.
   532 | D:1      | 532 ||| READING scroll labelled DELIENW HUUGRE.
   532 | D:1      | Identified a scroll of acquirement
   532 | D:1      | 532 ||| ACQUIRING +4 sling of flaming
   532 | D:1      | Acquired a +4 sling of flaming
   534 | D:1      | 534 ||| SWAPPING to +4 sling of flaming.
   535 | D:1      | 535 ||| DROPPING +0 shortbow.
   536 | D:1      | 536 ||| DROPPING scroll of butterflies.
   567 | D:2      | Reached XP level 3. HP: 21/21 MP: 3/3
   617 | D:2      | Reached skill level 5 in Ranged Weapons
   797 | D:2      | Reached skill level 3 in Fighting
   995 | D:2      | Reached XP level 4. HP: 28/28 MP: 4/4
  1680 | D:3      | Found Ynkuulae's Jewellery Shop.
  1690 | D:3      | 1690 ||| SHOPLISTING +6 ring of dexterity (504 gold, have
                  | 104).
  1690 | D:3      | 1690 ||| SHOPLISTING +6 ring of strength (504 gold, have
                  | 104).
  1690 | D:3      | 1690 ||| SHOPLISTING amulet of regeneration (420 gold, have
                  | 104).
  1690 | D:3      | 1690 ||| SHOPLISTING ring "Kaox" {rC+ rCorr Str-5 Dex+4
                  | SInv} (555 gold, have 104).
  1690 | D:3      | 1690 ||| SHOPLISTING ring of fire (350 gold, have 104).
  1690 | D:3      | 1690 ||| SHOPLISTING ring of ice (350 gold, have 104).
  1690 | D:3      | 1690 ||| SHOPLISTING ring of protection from cold (350
                  | gold, have 104).
  1690 | D:3      | 1690 ||| SHOPLISTING ring of the Equinox {rC+ rN+ Str+3
                  | Slay+3} (771 gold, have 104).
  2147 | D:3      | Found an opulent altar of Gozag.
  2147 | D:3      | Found a sparkling altar of Nemelex Xobeh.
  2168 | D:3      | 2168 ||| UPGRADING to +0 pair of boots.
  2173 | D:3      | 2173 ||| READING scroll of enchant armour.
  2173 | D:3      | 2173 ||| ENCHANTING +0 pair of boots.
  2174 | D:3      | 2174 ||| DRINKING 2 glowing coppery potions.
  2211 | D:3      | 2211 ||| DRINKING 2 coppery potions.
  2212 | D:3      | 2212 ||| DROPPING potion of lignification.
  2254 | D:4      | Reached XP level 5. HP: 32/32 MP: 5/5
  2262 | D:4      | Reached skill level 6 in Ranged Weapons
  2272 | D:4      | Reached skill level 1 in Armour
  2375 | D:4      | 2375 ||| READING scroll of acquirement.
  2375 | D:4      | 2375 ||| ACQUIRING +8 sling "Concordance" {drain, rPois
                  | rC+}
  2375 | D:4      | Acquired the +8 sling "Concordance" {drain, rPois rC+}
  2377 | D:4      | 2377 ||| SWAPPING to +8 sling "Concordance" {drain, rPois
                  | rC+}.
  2378 | D:4      | 2378 ||| DROPPING +4 sling of flaming.
  2434 | D:4      | Noticed Ijyb
  2439 | D:4      | Noticed an ogre
  2439 | D:4      | HP: 4/32 [Ijyb/bolt of acid (14)]
  2440 | D:4      | 2440 ||| READING 3 scrolls of teleportation.
  2441 | D:4      | 2441 ||| DRINKING potion of heal wounds.
  2442 | D:4      | 2442 ||| RETREATING.
  2450 | D:4      | 2450 ||| FLEEEEING.
  2451 | D:4      | 2451 ||| FLEEEEING.
  2452 | D:4      | 2452 ||| FLEEEEING.
  2453 | D:4      | 2453 ||| FLEEEEING.
  2454 | D:4      | 2454 ||| FLEEEEING.
  2455 | D:4      | 2455 ||| FLEEEEING.
  2457 | D:4      | 2457 ||| FLEEEEING.
  2462 | D:4      | 2462 ||| FLEEEEING.
  2463 | D:4      | 2463 ||| FLEEEEING.
  2464 | D:4      | 2464 ||| FLEEEEING.
  2465 | D:4      | 2465 ||| FLEEEEING.
  2471 | D:4      | Killed an ogre
  2472 | D:4      | Reached XP level 6. HP: 39/39 MP: 6/6
  2521 | D:4      | Killed Ijyb
  2726 | D:4      | 2726 ||| Stepping ~*~*~tactically~*~*~ (outnumbered).
  2735 | D:4      | 2735 ||| FLEEEEING.
  2736 | D:4      | 2736 ||| FLEEEEING.
  2742 | D:4      | 2742 ||| FLEEEEING.
  2743 | D:4      | 2743 ||| FLEEEEING.
  2744 | D:4      | 2744 ||| FLEEEEING.
  2745 | D:4      | 2745 ||| FLEEEEING.
  2746 | D:4      | 2746 ||| FLEEEEING.
  2747 | D:4      | 2747 ||| FLEEEEING.
  2748 | D:4      | 2748 ||| FLEEEEING.
  2751 | D:4      | 2751 ||| STAIRDANCE
  2764 | D:3      | 2764 ||| READING scroll labelled MOP ANKELE.
  2765 | D:3      | 2765 ||| DRINKING 2 grey potions.
  2836 | D:4      | Noticed Menkaure
  2841 | D:4      | Killed Menkaure
  2842 | D:4      | Reached skill level 7 in Ranged Weapons
  2842 | D:4      | Reached XP level 7. HP: 37/44 MP: 7/7
  2890 | D:4      | Found a staircase to the Ecumenical Temple.
  2891 | D:4      | 2891 ||| PLANNING TEMPLE
  2891 | D:4      | 2891 ||| UPGRADING to +0 ring mail.
  2901 | D:4      | 2901 ||| DROPPING +0 leather armour.
  2902 | D:4      | 2902 ||| UPGRADING to +2 pair of boots.
  2912 | D:4      | 2912 ||| DROPPING +1 pair of boots.
  2927 | D:4      | 2927 ||| Stepping ~*~*~tactically~*~*~ (cloud).
  2948 | Temple   | Entered the Ecumenical Temple
  2949 | Temple   | 2949 ||| PLANNING D:1-11
  3034 | D:4      | Found a hide-covered altar of Uskayaw.
  3139 | D:5      | Entered Level 5 of the Dungeon
  3157 | D:5      | 3157 ||| RETREATING.
  3168 | D:5      | Reached skill level 8 in Ranged Weapons
  3181 | D:5      | HP: 11/44 [killer bee (2)]
  3182 | D:5      | 3182 ||| READING 2 scrolls of teleportation.
  3185 | D:5      | HP: 4/44 [killer bee (4)]
  3187 | D:5      | Reached XP level 8. HP: 5/49 MP: 8/8
  3387 | D:5      | Found an iron altar of Okawaru.
  3388 | D:5      | 3388 ||| PLANNING OKAWARU WORSHIP
  3398 | D:5      | Became a worshipper of Warmaster Okawaru
  3399 | D:5      | 3399 ||| PLANNING D:1-11
  3418 | D:5      | 3418 ||| DRINKING potion of curing.
  3418 | D:5      | 3418 ||| (to cure confusion)
  3464 | D:5      | Found a white marble altar of Elyvilon.
  3551 | D:5      | Reached skill level 9 in Ranged Weapons
  3573 | D:5      | Identified the +8 orcbow "Ziryitec" {drain, rPois Will++}
  3575 | D:5      | 3575 ||| SWAPPING to +8 orcbow "Ziryitec" {drain, rPois
                  | Will++}.
  3576 | D:5      | 3576 ||| DROPPING +8 sling "Concordance" {drain, rPois
                  | rC+}.
  3761 | D:5      | 3761 ||| UPGRADING to +1 ring mail of cold resistance.
  3771 | D:5      | 3771 ||| DROPPING +0 ring mail.
  3772 | D:5      | 3772 ||| READING scroll labelled KYRPHO LOPHOEF.
  3773 | D:5      | 3773 ||| READING 2 scrolls of identify.
  3773 | D:5      | 3773 ||| IDENTIFYING fizzy grey potion
  3774 | D:5      | 3774 ||| DROPPING potion of ambrosia.
  3812 | D:6      | 3812 ||| PLANNING OSSUARY
  3818 | D:6      | Reached * piety under Okawaru
  3819 | D:6      | Reached skill level 6 in Fighting
  3823 | D:6      | 3823 ||| INVOKING Heroism.
  3902 | D:6      | 3902 ||| INVOKING Heroism.
  3903 | D:6      | 3903 ||| Stepping ~*~*~tactically~*~*~ (outnumbered).
  3976 | D:6      | 3976 ||| Stepping ~*~*~tactically~*~*~ (outnumbered).
  3985 | D:6      | 3985 ||| Stepping ~*~*~tactically~*~*~ (outnumbered).
  3989 | D:6      | Reached skill level 1 in Invocations
  4106 | D:6      | 4106 ||| INVOKING Heroism.
  4222 | D:6      | 4222 ||| INVOKING Heroism.
  4227 | D:6      | Reached skill level 10 in Ranged Weapons
  4227 | D:6      | Reached XP level 9. HP: 55/55 MP: 6/9
  4438 | D:6      | Found a sand-covered staircase.
  4439 | D:6      | 4439 ||| READING scroll labelled USAS IGOT SACS.
  4440 | D:6      | 4440 ||| READING scroll labelled NOIHUGRIRPHY.
  4541 | D:6      | 4541 ||| RIP OSSUARY
  4541 | D:6      | 4541 ||| PLANNING D:1-11
  4586 | D:6      | 4586 ||| READING 4 scrolls of identify.
  4586 | D:6      | 4586 ||| IDENTIFYING fuming orange potion
  4587 | D:6      | 4587 ||| READING 3 scrolls of identify.
  4587 | D:6      | 4587 ||| IDENTIFYING fuming blue potion
  4588 | D:6      | 4588 ||| DRINKING potion of experience.
  4588 | D:6      | Reached XP level 10. HP: 75/75 MP: 10/10
  4589 | D:6      | 4589 ||| READING 2 scrolls of identify.
  4589 | D:6      | 4589 ||| IDENTIFYING murky golden potion
  4590 | D:6      | 4590 ||| DROPPING potion of attraction.
  4591 | D:6      | 4591 ||| DROPPING potion of brilliance.
  4609 | D:7      | Noticed a boulder beetle
  4619 | D:7      | Killed a boulder beetle
  5271 | D:7      | 5271 ||| UPGRADING to +0 helmet.
  5276 | D:7      | 5276 ||| DROPPING ring of wizardry.
  5277 | D:7      | 5277 ||| READING scroll labelled USIYCV PAREH.
  5306 | D:8      | Found a staircase to the Lair.
  5306 | D:8      | Found an ancient bone altar of Kikubaaqudgha.
  5437 | D:8      | Identified the +1 ring mail of Hangman {rPois rN+ rCorr
                  | SInv}
  5458 | D:8      | 5458 ||| Stepping ~*~*~tactically~*~*~ (outnumbered).
  5565 | D:8      | 5565 ||| READING scroll of acquirement.
  5565 | D:8      | 5565 ||| ACQUIRING amulet of faith
  5565 | D:8      | Acquired an amulet of faith
  5567 | D:8      | 5567 ||| UPGRADING to amulet of faith.
  5584 | D:8      | 5584 ||| INVOKING Heroism.
  5591 | D:8      | Reached skill level 3 in Armour
  5672 | D:8      | Found a bloodstained altar of Trog.
  5681 | D:8      | Found a radiant altar of Vehumet.
  5771 | D:8      | Reached ** piety under Okawaru
  5772 | D:8      | Reached skill level 3 in Invocations
  5773 | D:8      | Reached skill level 11 in Ranged Weapons
  5799 | D:8      | Found a sacrificial altar of Ru.
  5863 | D:8      | 5863 ||| PLANNING LAIR
  5863 | D:8      | 5863 ||| UPGRADING to +1 ring mail of Hangman {rPois rN+
                  | rCorr SInv}.
  5873 | D:8      | 5873 ||| DROPPING ring of flight.
  5874 | D:8      | 5874 ||| READING scroll labelled SESIC RIAGU.
  5875 | D:8      | 5875 ||| DRINKING 2 golden potions.
  5922 | Lair:1   | Entered Level 1 of the Lair of Beasts
  5944 | Lair:1   | 5944 ||| INVOKING Heroism.
  6092 | Lair:1   | Noticed a cane toad
  6093 | Lair:1   | 6093 ||| INVOKING Heroism.
  6100 | Lair:1   | Killed a cane toad
  6101 | Lair:1   | Reached skill level 3 in Dodging
  6121 | Lair:1   | Noticed a cane toad
  6122 | Lair:1   | 6122 ||| INVOKING Heroism.
  6130 | Lair:1   | Killed a cane toad
  6172 | Lair:1   | Noticed a cane toad
  6173 | Lair:1   | 6173 ||| INVOKING Heroism.
  6175 | Lair:1   | Killed a cane toad
  6176 | Lair:1   | Reached XP level 11. HP: 80/80 MP: 11/14
  6226 | Lair:1   | 6226 ||| INVOKING Heroism.
  6227 | Lair:1   | 6227 ||| RETREATING.
  6348 | Lair:1   | Noticed a catoblepas
  6349 | Lair:1   | 6349 ||| INVOKING Heroism.
  6360 | Lair:1   | Killed a catoblepas
  6360 | Lair:1   | Reached *** piety under Okawaru
  6361 | Lair:1   | Reached skill level 12 in Ranged Weapons
  6808 | Lair:1   | 6808 ||| INVOKING Heroism.
  6872 | Lair:1   | 6872 ||| UPGRADING to +2 pair of gloves.
  6877 | Lair:1   | 6877 ||| READING 2 scrolls labelled WUIREI UNGUPH.
  6878 | Lair:1   | 6878 ||| READING scroll labelled EGHOAP KEUPSOETI.
  6879 | Lair:1   | 6879 ||| DRINKING 2 viscous red potions.
  6879 | Lair:1   | Gained mutation: You are frail. (-10% HP) [potion of
                  | mutation]
  6879 | Lair:1   | Gained mutation: Your spells are a little harder to cast,
                  | but a little more powerful. [potion of mutation]
  6880 | Lair:1   | 6880 ||| DRINKING potion of mutation.
  6880 | Lair:1   | Lost mutation: You are frail. (-10% HP) [potion of
                  | mutation]
  6880 | Lair:1   | Lost mutation: Your spells are a little harder to cast, but
                  | a little more powerful. [potion of mutation]
  6880 | Lair:1   | Gained mutation: You are partially covered in iridescent
                  | scales. (AC +2) [potion of mutation]
  6880 | Lair:1   | Gained mutation: Your flesh is cold resistant. (rC+)
                  | [potion of mutation]
  6880 | Lair:1   | Gained mutation: You are mostly covered in iridescent
                  | scales. (AC +4) [potion of mutation]
  6880 | Lair:1   | Gained mutation: You are robust. (+10% HP) [potion of
                  | mutation]
  6926 | Lair:1   | 6926 ||| DROPPING scroll of fog.
  6966 | Lair:2   | 6966 ||| INVOKING Heroism.
  7008 | Lair:2   | Found a staircase to the Swamp.
  7010 | Lair:2   | Noticed a bog body
  7016 | Lair:2   | Killed a bog body
  7016 | Lair:2   | Reached **** piety under Okawaru
  7032 | Lair:2   | Noticed a four-headed hydra
  7033 | Lair:2   | 7033 ||| INVOKING Heroism.
  7041 | Lair:2   | Killed a four-headed hydra
  7042 | Lair:2   | Reached skill level 13 in Ranged Weapons
  7079 | Lair:2   | 7079 ||| RETREATING.
  7114 | Lair:2   | 7114 ||| RETREATING.
  7121 | Lair:2   | 7121 ||| Stepping ~*~*~tactically~*~*~ (retreating).
  7122 | Lair:2   | Reached ***** piety under Okawaru
  7288 | Lair:2   | Noticed a six-headed hydra
  7289 | Lair:2   | 7289 ||| INVOKING Heroism.
  7295 | Lair:2   | Killed a six-headed hydra
  7320 | Lair:2   | 7320 ||| RETREATING.
  7323 | Lair:2   | 7323 ||| Stepping ~*~*~tactically~*~*~ (retreating).
  7330 | Lair:2   | Reached XP level 12. HP: 88/93 MP: 16/16
  7539 | Lair:2   | 7539 ||| INVOKING Heroism.
  7540 | Lair:2   | 7540 ||| RETREATING.
  7547 | Lair:2   | 7547 ||| RETREATING.
  7555 | Lair:2   | 7555 ||| Stepping ~*~*~tactically~*~*~ (retreating).
  7556 | Lair:2   | 7556 ||| Stepping ~*~*~tactically~*~*~ (retreating).
  7557 | Lair:2   | 7557 ||| Stepping ~*~*~tactically~*~*~ (retreating).
  7558 | Lair:2   | 7558 ||| Stepping ~*~*~tactically~*~*~ (retreating).
  7563 | Lair:2   | 7563 ||| INVOKING Heroism.
  7575 | Lair:2   | Reached skill level 6 in Invocations
  7852 | Lair:2   | 7852 ||| READING scroll labelled JAD NUHEIDAK.
  7853 | Lair:2   | 7853 ||| DRINKING 2 fizzy sapphire potions.
  7870 | Lair:3   | Noticed a seven-headed hydra
  7871 | Lair:3   | 7871 ||| STAIRDANCE
  7884 | Lair:3   | 7884 ||| STAIRDANCE
  7886 | Lair:2   | 7886 ||| INVOKING Heroism.
  7890 | Lair:2   | Killed a seven-headed hydra
  8039 | Lair:3   | Identified the +0 ring mail of the Sky {rElec Regen+ rCorr
                  | Dex-3} (Okawaru gifted it to you on level 3 of the Lair of
                  | Beasts)
  8039 | Lair:3   | Received a gift from Okawaru
  8040 | Lair:3   | 8040 ||| STAIRDANCE
  8117 | Lair:3   | 8117 ||| RETREATING.
  8127 | Lair:3   | 8127 ||| FLEEEEING.
  8132 | Lair:3   | 8132 ||| FLEEEEING.
  8133 | Lair:3   | 8133 ||| STAIRDANCE
  8162 | Lair:2   | 8162 ||| DROPPING +0 ring mail of the Sky {rElec Regen+
                  | rCorr Dex-3}.
  8249 | Lair:3   | Reached skill level 14 in Ranged Weapons
  8449 | Lair:3   | 8449 ||| INVOKING Heroism.
  8883 | Lair:3   | 8883 ||| Stepping ~*~*~tactically~*~*~ (outnumbered).
  8884 | Lair:3   | Found a staircase to the Snake Pit.
  8885 | Lair:3   | 8885 ||| Stepping ~*~*~tactically~*~*~ (retreating).
  8886 | Lair:3   | 8886 ||| RETREATING.
  8892 | Lair:3   | Reached skill level 9 in Invocations
  9049 | Lair:3   | 9049 ||| READING 2 scrolls of identify.
  9049 | Lair:3   | 9049 ||| IDENTIFYING fizzy pink potion
  9141 | Lair:4   | 9141 ||| INVOKING Heroism.
  9802 | Lair:5   | Entered Level 5 of the Lair of Beasts
  9811 | Lair:5   | 9811 ||| INVOKING Heroism.
  9817 | Lair:5   | Reached XP level 13. HP: 99/99 MP: 17/20
  9819 | Lair:5   | 9819 ||| RETREATING.
  9823 | Lair:5   | Received a gift from Okawaru
  9859 | Lair:5   | Reached skill level 15 in Ranged Weapons
  9874 | Lair:5   | 9874 ||| DROPPING +2 arbalest of electrocution.
  9951 | Lair:5   | Noticed Nessos
  9952 | Lair:5   | 9952 ||| INVOKING Finesse.
  9953 | Lair:5   | 9953 ||| INVOKING Heroism.
  9958 | Lair:5   | 9958 ||| RETREATING.
  9967 | Lair:5   | Killed Nessos
  9969 | Lair:5   | 9969 ||| FLEEEEING.
  9970 | Lair:5   | 9970 ||| FLEEEEING.
  9971 | Lair:5   | 9971 ||| STAIRDANCE
 10134 | Lair:4   | 10134 ||| DROPPING amulet of guardian spirit.
 10137 | Lair:5   | 10137 ||| STAIRDANCE
 10144 | Lair:4   | Reached skill level 6 in Armour
 10254 | Lair:5   | 10254 ||| SWAPPING to +2 longbow of flaming.
 10255 | Lair:5   | 10255 ||| DROPPING +8 orcbow "Ziryitec" {drain, rPois
                  | Will++}.
 10256 | Lair:5   | 10256 ||| DROPPING +0 longbow.
 10307 | Lair:5   | 10307 ||| RETREATING.
 10309 | Lair:5   | 10309 ||| Stepping ~*~*~tactically~*~*~ (retreating).
 10311 | Lair:5   | 10311 ||| Stepping ~*~*~tactically~*~*~ (retreating).
 10312 | Lair:5   | 10312 ||| Stepping ~*~*~tactically~*~*~ (retreating).
 10317 | Lair:5   | 10317 ||| INVOKING Heroism.
 10324 | Lair:5   | 10324 ||| Stepping ~*~*~tactically~*~*~ (retreating).
 10385 | Lair:5   | 10385 ||| Stepping ~*~*~tactically~*~*~ (retreating).
 10386 | Lair:5   | 10386 ||| RETREATING.
 10388 | Lair:5   | 10388 ||| INVOKING Heroism.
 10389 | Lair:5   | 10389 ||| Stepping ~*~*~tactically~*~*~ (retreating).
 10397 | Lair:5   | 10397 ||| Stepping ~*~*~tactically~*~*~ (retreating).
 10398 | Lair:5   | 10398 ||| Stepping ~*~*~tactically~*~*~ (retreating).
 10638 | Lair:5   | Found a viscous altar of Jiyva.
 10638 | Lair:5   | Found a staircase to the Slime Pits.
 10643 | Lair:5   | Received a gift from Okawaru
 10667 | Lair:5   | 10667 ||| INVOKING Heroism.
 10668 | Lair:5   | 10668 ||| INVOKING Finesse.
 10770 | Lair:5   | Reached skill level 16 in Ranged Weapons
 10909 | Lair:5   | 10909 ||| INVOKING Heroism.
 10924 | Lair:5   | 10924 ||| INVOKING Finesse.
 10960 | Lair:5   | 10960 ||| INVOKING Heroism.
 11001 | Lair:5   | 11001 ||| INVOKING Heroism.
 11002 | Lair:5   | 11002 ||| INVOKING Finesse.
 11071 | Lair:5   | 11071 ||| INVOKING Heroism.
 11072 | Lair:5   | 11072 ||| RETREATING.
 11156 | Lair:5   | 11156 ||| INVOKING Heroism.
 11157 | Lair:5   | 11157 ||| INVOKING Finesse.
 11162 | Lair:5   | Gained mutation: Your large and strong wings let you fly.
                  | [Gargoyle growth]
 11162 | Lair:5   | Reached XP level 14. HP: 105/105 MP: 13/21
 11176 | Lair:5   | 11176 ||| Stepping ~*~*~tactically~*~*~ (retreating).
 11183 | Lair:5   | Reached skill level 17 in Ranged Weapons
 11186 | Lair:5   | Received a gift from Okawaru
 11340 | Lair:5   | 11340 ||| INVOKING Heroism.
 11341 | Lair:5   | 11341 ||| INVOKING Finesse.
 11644 | Lair:5   | 11644 ||| PLANNING D:1-11
 12162 | D:9      | 12162 ||| Stepping ~*~*~tactically~*~*~ (cloud).
 12298 | D:9      | Found Zin's Purification Station.
 12300 | D:9      | 12300 ||| READING scroll of enchant weapon.
 12300 | D:9      | 12300 ||| ENCHANTING +2 longbow of flaming.
 12303 | D:9      | Found a glowing silver altar of Zin.
 12308 | D:9      | 12308 ||| BUYING potion of curing (90 gold).
 12308 | D:9      | Bought a potion of curing for 90 gold pieces
 12571 | D:9      | 12571 ||| READING scroll labelled YBIRAA CUFRU.
 12596 | D:10     | Entered Level 10 of the Dungeon
 12605 | D:10     | Noticed a lich
 12605 | D:10     | Noticed qw's ghost (journeyman GrHu)
 12614 | D:10     | Found a staircase to the Orcish Mines.
 12761 | D:10     | Found a blossoming altar of Fedhas.
 12803 | D:10     | Found a runed translucent door.
 12828 | D:10     | Found a burning altar of Makhleb.
 12836 | D:10     | Found a runed translucent door.
 12840 | D:10     | 12840 ||| Stepping ~*~*~tactically~*~*~ (outnumbered).
 12995 | D:10     | Found a basalt altar of Yredelemnul.
 13029 | D:10     | Reached skill level 18 in Ranged Weapons
 13111 | D:10     | Found a snail-covered altar of Cheibriados.
 13295 | D:10     | 13295 ||| Stepping ~*~*~tactically~*~*~ (outnumbered).
 13382 | D:10     | 13382 ||| DROPPING ring of magical power.
 13383 | D:10     | 13383 ||| DRINKING 2 yellow potions.
 13384 | D:10     | 13384 ||| DROPPING potion of invisibility.
 13411 | D:11     | 13411 ||| INVOKING Heroism.
 13412 | D:11     | 13412 ||| Stepping ~*~*~tactically~*~*~ (outnumbered).
 13441 | D:11     | Found a broken altar of Ashenzari.
 13465 | D:11     | 13465 ||| READING scroll of enchant weapon.
 13465 | D:11     | 13465 ||| ENCHANTING +3 longbow of flaming.
 13808 | D:11     | Found a frozen archway.
 14072 | D:11     | 14072 ||| PLANNING D
 14072 | D:11     | 14072 ||| DROPPING +2 robe of willpower.
 14073 | D:11     | 14073 ||| DROPPING +1 ring mail of cold resistance.
 14074 | D:11     | 14074 ||| DROPPING +0 acid dragon scales.
 14075 | D:11     | 14075 ||| DRINKING 2 purple potions.
 14076 | D:11     | 14076 ||| DROPPING potion of degeneration.
 14164 | D:12     | Found Peusaof's General Store.
 14167 | D:12     | 14167 ||| BUYING +0 cloak (49 gold).
 14167 | D:12     | Bought a +0 cloak for 49 gold pieces
 14167 | D:12     | 14167 ||| BUYING +0 cloak of Sorcery {Int+3 Dex+4} (288
                  | gold).
 14167 | D:12     | Bought the +0 cloak of Sorcery {Int+3 Dex+4} for 288 gold
                  | pieces
 14167 | D:12     | 14167 ||| BUYING ring of willpower (275 gold).
 14167 | D:12     | Bought a ring of willpower for 275 gold pieces
 14199 | D:12     | 14199 ||| READING scroll of enchant armour.
 14199 | D:12     | 14199 ||| ENCHANTING +0 helmet.
 14299 | D:12     | 14299 ||| RETREATING.
 14300 | D:12     | 14300 ||| READING 6 scrolls of teleportation.
 14301 | D:12     | 14301 ||| FLEEEEING.
 14303 | D:12     | 14303 ||| INVOKING Heroism.
 14334 | D:12     | 14334 ||| Stepping ~*~*~tactically~*~*~ (retreating).
 14335 | D:12     | 14335 ||| Stepping ~*~*~tactically~*~*~ (retreating).
 14336 | D:12     | 14336 ||| Stepping ~*~*~tactically~*~*~ (retreating).
 14339 | D:12     | 14339 ||| READING 5 scrolls of teleportation.
 14340 | D:12     | 14340 ||| Stepping ~*~*~tactically~*~*~ (retreating).
 14344 | D:12     | 14344 ||| RETREATING.
 14351 | D:12     | 14351 ||| Stepping ~*~*~tactically~*~*~ (retreating).
 14352 | D:12     | 14352 ||| Stepping ~*~*~tactically~*~*~ (retreating).
 14497 | D:12     | Identified the +6 scale mail of the Moon {rPois Dex+3}
                  | (Okawaru gifted it to you on level 12 of the Dungeon)
 14497 | D:12     | Received a gift from Okawaru
 14605 | D:12     | 14605 ||| RETREATING.
 14607 | D:12     | 14607 ||| Stepping ~*~*~tactically~*~*~ (retreating).
 14608 | D:12     | 14608 ||| Stepping ~*~*~tactically~*~*~ (retreating).
 14609 | D:12     | 14609 ||| Stepping ~*~*~tactically~*~*~ (retreating).
 14610 | D:12     | 14610 ||| Stepping ~*~*~tactically~*~*~ (retreating).
 14611 | D:12     | 14611 ||| Stepping ~*~*~tactically~*~*~ (retreating).
 14612 | D:12     | 14612 ||| Stepping ~*~*~tactically~*~*~ (retreating).
 14617 | D:12     | 14617 ||| INVOKING Heroism.
 14622 | D:12     | 14622 ||| READING 4 scrolls of teleportation.
 14751 | D:12     | 14751 ||| UPGRADING to +0 cloak.
 14756 | D:12     | 14756 ||| UPGRADING to +0 cloak of Sorcery {Int+3 Dex+4}.
 14766 | D:12     | 14766 ||| DROPPING +0 cloak.
 14767 | D:12     | 14767 ||| DROPPING ring of ice.
 14768 | D:12     | 14768 ||| UPGRADING to ring of willpower.
 14769 | D:12     | 14769 ||| UPGRADING to ring of protection from cold.
 14779 | D:13     | 14779 ||| PLANNING GAUNTLET
 14781 | D:13     | 14781 ||| STAIRDANCE
 14805 | D:13     | 14805 ||| STAIRDANCE
 14838 | D:13     | 14838 ||| INVOKING Heroism.
 14839 | D:13     | 14839 ||| INVOKING Finesse.
 14857 | D:13     | Reached skill level 6 in Dodging
 14923 | D:13     | 14923 ||| RETREATING.
 14927 | D:13     | 14927 ||| FLEEEEING.
 14929 | D:13     | 14929 ||| FLEEEEING.
 14931 | D:13     | 14931 ||| Stepping ~*~*~tactically~*~*~ (retreating).
 14940 | D:13     | 14940 ||| INVOKING Heroism.
 15118 | D:13     | Found a gate to the Vaults.
 15122 | D:13     | 15122 ||| INVOKING Heroism.
 15222 | D:13     | 15222 ||| FLEEEEING.
 15223 | D:13     | 15223 ||| FLEEEEING.
 15224 | D:13     | 15224 ||| FLEEEEING.
 15225 | D:13     | 15225 ||| FLEEEEING.
 15226 | D:13     | 15226 ||| FLEEEEING.
 15345 | D:13     | 15345 ||| RIP GAUNTLET
 15350 | D:13     | 15350 ||| PLANNING D
 15496 | D:13     | 15496 ||| FLEEEEING.
 15497 | D:13     | 15497 ||| FLEEEEING.
 15498 | D:13     | 15498 ||| FLEEEEING.
 15499 | D:13     | 15499 ||| FLEEEEING.
 15500 | D:13     | 15500 ||| FLEEEEING.
 15505 | D:13     | 15505 ||| FLEEEEING.
 15506 | D:13     | 15506 ||| FLEEEEING.
 15510 | D:13     | 15510 ||| INVOKING Heroism.
 15512 | D:13     | HP: 20/105 [centaur warrior/arrow (12)]
 15513 | D:13     | 15513 ||| READING 3 scrolls of teleportation.
 15514 | D:13     | 15514 ||| DRINKING 5 potions of heal wounds.
 15773 | D:13     | 15773 ||| FLEEEEING.
 15774 | D:13     | 15774 ||| FLEEEEING.
 15775 | D:13     | 15775 ||| FLEEEEING.
 15878 | D:13     | Noticed Kirke
 15879 | D:13     | 15879 ||| RETREATING.
 15883 | D:13     | 15883 ||| Stepping ~*~*~tactically~*~*~ (retreating).
 15884 | D:13     | 15884 ||| Stepping ~*~*~tactically~*~*~ (retreating).
 15885 | D:13     | 15885 ||| Stepping ~*~*~tactically~*~*~ (retreating).
 15886 | D:13     | 15886 ||| Stepping ~*~*~tactically~*~*~ (retreating).
 15887 | D:13     | 15887 ||| INVOKING Heroism.
 15898 | D:13     | Killed Kirke
 15899 | D:13     | Reached XP level 15. HP: 108/110 MP: 20/22
 16348 | D:13     | 16348 ||| READING scroll labelled QESIHUST IRYT.
 16403 | D:13     | 16403 ||| READING scroll labelled BOBBAP VEOQI.
 16404 | D:13     | 16404 ||| READING 2 scrolls of identify.
 16404 | D:13     | 16404 ||| IDENTIFYING red potion
 16441 | D:14     | 16441 ||| STAIRDANCE
 16639 | D:14     | Found the +6 shillelagh "Devastator" {shatter}
 16640 | D:14     | 16640 ||| RETREATING.
 16645 | D:14     | 16645 ||| Stepping ~*~*~tactically~*~*~ (outnumbered).
 16649 | D:14     | 16649 ||| Stepping ~*~*~tactically~*~*~ (retreating).
 16653 | D:14     | Identified the scarf "Casi" {+Inv, Drain rCorr Slay+2}
                  | (Okawaru gifted it to you on level 14 of the Dungeon)
 16653 | D:14     | Received a gift from Okawaru
 16654 | D:14     | Reached skill level 19 in Ranged Weapons
 16831 | D:14     | 16831 ||| INVOKING Heroism.
 17022 | D:14     | 17022 ||| Stepping ~*~*~tactically~*~*~ (retreating).
 17023 | D:14     | 17023 ||| Stepping ~*~*~tactically~*~*~ (retreating).
 17024 | D:14     | 17024 ||| Stepping ~*~*~tactically~*~*~ (retreating).
 17025 | D:14     | 17025 ||| Stepping ~*~*~tactically~*~*~ (retreating).
 17026 | D:14     | 17026 ||| Stepping ~*~*~tactically~*~*~ (retreating).
 17034 | D:14     | 17034 ||| Stepping ~*~*~tactically~*~*~ (retreating).
 17041 | D:14     | 17041 ||| INVOKING Heroism.
 17488 | D:14     | Identified the +7 orcbow of Xucroquxt {freeze, rF++ Str+2}
 17490 | D:14     | Identified the ring "Yreqial" {+Blink rC+ Str+4 SInv}
 17531 | D:14     | 17531 ||| DRINKING potion of experience.
 17531 | D:14     | Reached XP level 16. HP: 116/116 MP: 23/23
 17617 | D:14     | 17617 ||| DROPPING scarf of shadows.
 17618 | D:14     | 17618 ||| DROPPING scarf "Casi" {+Inv, Drain rCorr Slay+2}.
 17619 | D:14     | 17619 ||| DROPPING ring of ice.
 17620 | D:14     | 17620 ||| UPGRADING to ring "Yreqial" {+Blink rC+ Str+4
                  | SInv}.
 17622 | D:14     | 17622 ||| UPGRADING to +0 troll leather armour.
 17645 | D:15     | Entered Level 15 of the Dungeon
 17671 | D:15     | Found Zehoalea's Assorted Antiques.
 17676 | D:15     | 17676 ||| BUYING potion of curing (81 gold).
 17676 | D:15     | Bought a potion of curing for 81 gold pieces
 17676 | D:15     | 17676 ||| BUYING potion of heal wounds (135 gold).
 17676 | D:15     | Bought a potion of heal wounds for 135 gold pieces
 17676 | D:15     | 17676 ||| BUYING potion of heal wounds (135 gold).
 17676 | D:15     | Bought a potion of heal wounds for 135 gold pieces
 17676 | D:15     | 17676 ||| BUYING potion of heal wounds (135 gold).
 17676 | D:15     | Bought a potion of heal wounds for 135 gold pieces
 17676 | D:15     | 17676 ||| BUYING scroll of enchant armour (202 gold).
 17676 | D:15     | Bought a scroll of enchant armour for 202 gold pieces
 17676 | D:15     | 17676 ||| READING scroll of enchant armour.
 17676 | D:15     | 17676 ||| ENCHANTING +1 helmet.
 17709 | D:15     | Found Icseehyi's Weapon Shoppe.
 17811 | D:15     | 17811 ||| INVOKING Heroism.
 17812 | D:15     | 17812 ||| READING 2 scrolls of teleportation.
 17826 | D:15     | Found an ornate altar of the Wu Jian Council.
 18115 | D:15     | Found a staircase to the Depths.
 18118 | D:15     | 18118 ||| INVOKING Heroism.
 18156 | D:15     | 18156 ||| Stepping ~*~*~tactically~*~*~ (retreating).
 18157 | D:15     | 18157 ||| Stepping ~*~*~tactically~*~*~ (retreating).
 18158 | D:15     | 18158 ||| Stepping ~*~*~tactically~*~*~ (retreating).
 18159 | D:15     | 18159 ||| Stepping ~*~*~tactically~*~*~ (retreating).
 18160 | D:15     | 18160 ||| Stepping ~*~*~tactically~*~*~ (retreating).
 18161 | D:15     | 18161 ||| Stepping ~*~*~tactically~*~*~ (retreating).
 18163 | D:15     | 18163 ||| Stepping ~*~*~tactically~*~*~ (retreating).
 18165 | D:15     | Reached skill level 9 in Dodging
 18168 | D:15     | 18168 ||| INVOKING Heroism.
 18209 | D:15     | 18209 ||| INVOKING Heroism.
 18217 | D:15     | 18217 ||| Stepping ~*~*~tactically~*~*~ (retreating).
 18421 | D:15     | 18421 ||| INVOKING Heroism.
 18449 | D:15     | 18449 ||| PLANNING ORC
 18449 | D:15     | 18449 ||| READING 2 scrolls of identify.
 18449 | D:15     | 18449 ||| IDENTIFYING white potion
 18450 | D:15     | 18450 ||| DROPPING potion of berserk rage.
 18594 | Orc:1    | Entered Level 1 of the Orcish Mines
 18595 | Orc:1    | 18595 ||| INVOKING Heroism.
 18596 | Orc:1    | 18596 ||| STAIRDANCE
 18642 | Orc:1    | 18642 ||| STAIRDANCE
 18695 | Orc:1    | 18695 ||| STAIRDANCE
 18697 | D:10     | 18697 ||| INVOKING Heroism.
 18758 | Orc:1    | 18758 ||| RETREATING.
 18760 | Orc:1    | 18760 ||| Stepping ~*~*~tactically~*~*~ (retreating).
 18761 | Orc:1    | 18761 ||| Stepping ~*~*~tactically~*~*~ (outnumbered).
 18762 | Orc:1    | 18762 ||| Stepping ~*~*~tactically~*~*~ (retreating).
 18763 | Orc:1    | 18763 ||| Stepping ~*~*~tactically~*~*~ (retreating).
 18764 | Orc:1    | 18764 ||| Stepping ~*~*~tactically~*~*~ (retreating).
 18765 | Orc:1    | 18765 ||| Stepping ~*~*~tactically~*~*~ (retreating).
 18766 | Orc:1    | 18766 ||| INVOKING Heroism.
 18792 | Orc:1    | Received a gift from Okawaru
 19092 | Orc:1    | 19092 ||| Stepping ~*~*~tactically~*~*~ (outnumbered).
 19106 | Orc:1    | Found a runed translucent gate.
 19106 | Orc:1    | Found a runed translucent gate.
 19106 | Orc:1    | Found a runed translucent gate.
 19110 | Orc:1    | Noticed blexxed's ghost (journeyman DsFi)
 19275 | Orc:2    | Entered Level 2 of the Orcish Mines
 19291 | Orc:2    | Found a staircase to the Elven Halls.
 19301 | Orc:2    | 19301 ||| INVOKING Heroism.
 19302 | Orc:2    | 19302 ||| INVOKING Finesse.
 19306 | Orc:2    | 19306 ||| Stepping ~*~*~tactically~*~*~ (outnumbered).
 19322 | Orc:2    | Reached skill level 20 in Ranged Weapons
 19345 | Orc:2    | 19345 ||| INVOKING Heroism.
 19368 | Orc:2    | 19368 ||| RETREATING.
 19370 | Orc:2    | 19370 ||| Stepping ~*~*~tactically~*~*~ (retreating).
 19371 | Orc:2    | 19371 ||| Stepping ~*~*~tactically~*~*~ (retreating).
 19372 | Orc:2    | 19372 ||| Stepping ~*~*~tactically~*~*~ (retreating).
 19534 | Orc:2    | 19534 ||| FLEEEEING.
 19542 | Orc:2    | 19542 ||| INVOKING Heroism.
 19562 | Orc:2    | Reached XP level 17. HP: 90/123 MP: 24/24
 19598 | Orc:2    | 19598 ||| Stepping ~*~*~tactically~*~*~ (outnumbered).
 19600 | Orc:2    | 19600 ||| Stepping ~*~*~tactically~*~*~ (outnumbered).
 19601 | Orc:2    | 19601 ||| Stepping ~*~*~tactically~*~*~ (outnumbered).
 19602 | Orc:2    | 19602 ||| Stepping ~*~*~tactically~*~*~ (outnumbered).
 19603 | Orc:2    | 19603 ||| Stepping ~*~*~tactically~*~*~ (outnumbered).
 19743 | Orc:2    | 19743 ||| Stepping ~*~*~tactically~*~*~ (outnumbered).
 19744 | Orc:2    | 19744 ||| Stepping ~*~*~tactically~*~*~ (outnumbered).
 19745 | Orc:2    | 19745 ||| Stepping ~*~*~tactically~*~*~ (outnumbered).
 19746 | Orc:2    | 19746 ||| Stepping ~*~*~tactically~*~*~ (outnumbered).
 19747 | Orc:2    | 19747 ||| Stepping ~*~*~tactically~*~*~ (outnumbered).
 19766 | Orc:2    | 19766 ||| Stepping ~*~*~tactically~*~*~ (outnumbered).
 19767 | Orc:2    | 19767 ||| Stepping ~*~*~tactically~*~*~ (outnumbered).
 19768 | Orc:2    | 19768 ||| Stepping ~*~*~tactically~*~*~ (outnumbered).
 19769 | Orc:2    | 19769 ||| Stepping ~*~*~tactically~*~*~ (outnumbered).
 19770 | Orc:2    | 19770 ||| Stepping ~*~*~tactically~*~*~ (outnumbered).
 19771 | Orc:2    | 19771 ||| Stepping ~*~*~tactically~*~*~ (outnumbered).
 19772 | Orc:2    | 19772 ||| Stepping ~*~*~tactically~*~*~ (outnumbered).
 19773 | Orc:2    | 19773 ||| Stepping ~*~*~tactically~*~*~ (outnumbered).
 19828 | Orc:2    | 19828 ||| Stepping ~*~*~tactically~*~*~ (outnumbered).
 19830 | Orc:2    | 19830 ||| Stepping ~*~*~tactically~*~*~ (retreating).
 19837 | Orc:2    | 19837 ||| Stepping ~*~*~tactically~*~*~ (outnumbered).
 19839 | Orc:2    | 19839 ||| Stepping ~*~*~tactically~*~*~ (retreating).
 19840 | Orc:2    | 19840 ||| Stepping ~*~*~tactically~*~*~ (retreating).
 19841 | Orc:2    | 19841 ||| Stepping ~*~*~tactically~*~*~ (retreating).
 19842 | Orc:2    | 19842 ||| Stepping ~*~*~tactically~*~*~ (retreating).
 19843 | Orc:2    | 19843 ||| Stepping ~*~*~tactically~*~*~ (retreating).
 19844 | Orc:2    | 19844 ||| Stepping ~*~*~tactically~*~*~ (retreating).
 19845 | Orc:2    | 19845 ||| Stepping ~*~*~tactically~*~*~ (retreating).
 19847 | Orc:2    | 19847 ||| Stepping ~*~*~tactically~*~*~ (retreating).
 19849 | Orc:2    | 19849 ||| Stepping ~*~*~tactically~*~*~ (retreating).
 19850 | Orc:2    | 19850 ||| Stepping ~*~*~tactically~*~*~ (retreating).
 19851 | Orc:2    | 19851 ||| Stepping ~*~*~tactically~*~*~ (retreating).
 19852 | Orc:2    | 19852 ||| Stepping ~*~*~tactically~*~*~ (retreating).
 19853 | Orc:2    | 19853 ||| Stepping ~*~*~tactically~*~*~ (retreating).
 19854 | Orc:2    | 19854 ||| Stepping ~*~*~tactically~*~*~ (retreating).
 19855 | Orc:2    | 19855 ||| Stepping ~*~*~tactically~*~*~ (retreating).
 19856 | Orc:2    | 19856 ||| RETREATING.
 19857 | Orc:2    | 19857 ||| Stepping ~*~*~tactically~*~*~ (retreating).
 19858 | Orc:2    | 19858 ||| Stepping ~*~*~tactically~*~*~ (retreating).
 19859 | Orc:2    | 19859 ||| Stepping ~*~*~tactically~*~*~ (retreating).
 19860 | Orc:2    | 19860 ||| Stepping ~*~*~tactically~*~*~ (retreating).
 19862 | Orc:2    | 19862 ||| INVOKING Heroism.
 19863 | Orc:2    | HP: 27/123 [sun demon[an orc high priest] (18)]
 19864 | Orc:2    | 19864 ||| READING scroll of teleportation.
 19865 | Orc:2    | 19865 ||| DRINKING 7 potions of heal wounds.
 19970 | Orc:2    | 19970 ||| RETREATING.
 19989 | Orc:2    | 19989 ||| RETREATING.
 19992 | Orc:2    | 19992 ||| Stepping ~*~*~tactically~*~*~ (retreating).
 19994 | Orc:2    | 19994 ||| Stepping ~*~*~tactically~*~*~ (retreating).
 19995 | Orc:2    | 19995 ||| Stepping ~*~*~tactically~*~*~ (retreating).
 20004 | Orc:2    | Reached skill level 15 in Fighting
 20022 | Orc:2    | 20022 ||| Stepping ~*~*~tactically~*~*~ (outnumbered).
 20023 | Orc:2    | 20023 ||| Stepping ~*~*~tactically~*~*~ (outnumbered).
 20034 | Orc:2    | 20034 ||| RETREATING.
 20044 | Orc:2    | Paralysed by an orc sorcerer for 4 turns
 20048 | Orc:2    | Identified the +0 helmet "Ymnop" {Rampage rN+ Int+6}
                  | (Okawaru gifted it to you on level 2 of the Orcish Mines)
 20048 | Orc:2    | Received a gift from Okawaru
 20079 | Orc:2    | 20079 ||| Stepping ~*~*~tactically~*~*~ (retreating).
 20080 | Orc:2    | 20080 ||| Stepping ~*~*~tactically~*~*~ (retreating).
 20081 | Orc:2    | 20081 ||| Stepping ~*~*~tactically~*~*~ (retreating).
 20082 | Orc:2    | 20082 ||| Stepping ~*~*~tactically~*~*~ (retreating).
 20171 | Orc:2    | Found Epeamn's Assorted Antiques.
 20171 | Orc:2    | Found Iraacviry's Weapon Boutique.
 20173 | Orc:2    | Found Bain's Antique Weapon Shoppe.
 20173 | Orc:2    | Found Yherug's Weapon Boutique.
 20179 | Orc:2    | 20179 ||| BUYING 2 potions of curing (198 gold).
 20179 | Orc:2    | Bought 2 potions of curing for 198 gold pieces
 20179 | Orc:2    | 20179 ||| BUYING potion of heal wounds (165 gold).
 20179 | Orc:2    | Bought a potion of heal wounds for 165 gold pieces
 20179 | Orc:2    | 20179 ||| BUYING scroll of enchant armour (247 gold).
 20179 | Orc:2    | Bought a scroll of enchant armour for 247 gold pieces
 20185 | Orc:2    | 20185 ||| PLANNING SNAKE:1-3
 20185 | Orc:2    | 20185 ||| DROPPING +0 helmet "Ymnop" {Rampage rN+ Int+6}.
 20390 | Snake:1  | Entered Level 1 of the Snake Pit
 20622 | Snake:1  | 20622 ||| Stepping ~*~*~tactically~*~*~ (outnumbered).
 20802 | Snake:1  | Noticed Agnes
 20802 | Snake:1  | Noticed Aizul
 20803 | Snake:1  | 20803 ||| INVOKING Heroism.
 20804 | Snake:1  | 20804 ||| INVOKING Finesse.
 20814 | Snake:1  | Killed Aizul
 20817 | Snake:1  | Noticed Louise
 20822 | Snake:1  | Killed Agnes
 20839 | Snake:1  | Killed Louise
 21591 | Snake:2  | 21591 ||| FLEEEEING.
 21621 | Snake:2  | Noticed Frances
 21622 | Snake:2  | 21622 ||| INVOKING Heroism.
 21623 | Snake:2  | 21623 ||| INVOKING Finesse.
 21640 | Snake:2  | Killed Frances
 21646 | Snake:2  | 21646 ||| Stepping ~*~*~tactically~*~*~ (retreating).
 21650 | Snake:2  | 21650 ||| Stepping ~*~*~tactically~*~*~ (retreating).
 21651 | Snake:2  | 21651 ||| Stepping ~*~*~tactically~*~*~ (retreating).
 21652 | Snake:2  | 21652 ||| Stepping ~*~*~tactically~*~*~ (retreating).
 21656 | Snake:2  | 21656 ||| Stepping ~*~*~tactically~*~*~ (retreating).
 21657 | Snake:2  | 21657 ||| RETREATING.
 22099 | Snake:2  | 22099 ||| Stepping ~*~*~tactically~*~*~ (outnumbered).
 22110 | Snake:2  | 22110 ||| Stepping ~*~*~tactically~*~*~ (outnumbered).
 22396 | Snake:2  | 22396 ||| RETREATING.
 22406 | Snake:2  | 22406 ||| Stepping ~*~*~tactically~*~*~ (outnumbered).
 22781 | Snake:2  | 22781 ||| DROPPING +2 hat.
 22782 | Snake:2  | 22782 ||| UPGRADING to ring of protection from fire.
 22784 | Snake:2  | 22784 ||| READING 2 scrolls of identify.
 22784 | Snake:2  | 22784 ||| IDENTIFYING murky dark potion
 22831 | Snake:3  | 22831 ||| Stepping ~*~*~tactically~*~*~ (outnumbered).
 22839 | Snake:3  | 22839 ||| STAIRDANCE
 22847 | Snake:3  | 22847 ||| Stepping ~*~*~tactically~*~*~ (outnumbered).
 22852 | Snake:3  | 22852 ||| Stepping ~*~*~tactically~*~*~ (outnumbered).
 22854 | Snake:3  | 22854 ||| Stepping ~*~*~tactically~*~*~ (outnumbered).
 22856 | Snake:3  | 22856 ||| Stepping ~*~*~tactically~*~*~ (outnumbered).
 22857 | Snake:3  | 22857 ||| RETREATING.
 22859 | Snake:3  | 22859 ||| Stepping ~*~*~tactically~*~*~ (outnumbered).
 22862 | Snake:3  | 22862 ||| Stepping ~*~*~tactically~*~*~ (outnumbered).
 22866 | Snake:3  | 22866 ||| Stepping ~*~*~tactically~*~*~ (outnumbered).
 22867 | Snake:3  | 22867 ||| Stepping ~*~*~tactically~*~*~ (outnumbered).
 22869 | Snake:3  | 22869 ||| Stepping ~*~*~tactically~*~*~ (outnumbered).
 22878 | Snake:3  | 22878 ||| INVOKING Heroism.
 22884 | Snake:3  | HP: 31/126 [anaconda[a naga ritualist] (13)]
 22885 | Snake:3  | 22885 ||| DRINKING 8 potions of heal wounds.
 22886 | Snake:3  | 22886 ||| DRINKING 7 potions of heal wounds.
 22888 | Snake:3  | 22888 ||| DRINKING 6 potions of heal wounds.
 22889 | Snake:3  | HP: 31/126 [salamander/+0 trident (4)]
 22890 | Snake:3  | 22890 ||| DRINKING 5 potions of heal wounds.
 22894 | Snake:3  | 22894 ||| DRINKING 4 potions of heal wounds.
 22897 | Snake:3  | HP: 29/126 [salamander/+0 trident (5)]
 22898 | Snake:3  | 22898 ||| DRINKING 3 potions of heal wounds.
 22900 | Snake:3  | 22900 ||| DRINKING 2 potions of heal wounds.
 23086 | Snake:3  | 23086 ||| Stepping ~*~*~tactically~*~*~ (outnumbered).
 23087 | Snake:3  | 23087 ||| Stepping ~*~*~tactically~*~*~ (outnumbered).
 23088 | Snake:3  | 23088 ||| Stepping ~*~*~tactically~*~*~ (outnumbered).
 23097 | Snake:3  | Noticed Vashnia
 23098 | Snake:3  | 23098 ||| Stepping ~*~*~tactically~*~*~ (outnumbered).
 23099 | Snake:3  | 23099 ||| Stepping ~*~*~tactically~*~*~ (outnumbered).
 23101 | Snake:3  | 23101 ||| Stepping ~*~*~tactically~*~*~ (outnumbered).
 23102 | Snake:3  | 23102 ||| Stepping ~*~*~tactically~*~*~ (outnumbered).
 23103 | Snake:3  | 23103 ||| Stepping ~*~*~tactically~*~*~ (outnumbered).
 23105 | Snake:3  | 23105 ||| Stepping ~*~*~tactically~*~*~ (outnumbered).
 23106 | Snake:3  | 23106 ||| Stepping ~*~*~tactically~*~*~ (outnumbered).
 23108 | Snake:3  | 23108 ||| Stepping ~*~*~tactically~*~*~ (outnumbered).
 23111 | Snake:3  | 23111 ||| Stepping ~*~*~tactically~*~*~ (outnumbered).
 23113 | Snake:3  | 23113 ||| FLEEEEING.
 23114 | Snake:3  | 23114 ||| FLEEEEING.
 23119 | Snake:3  | 23119 ||| Stepping ~*~*~tactically~*~*~ (outnumbered).
 23121 | Snake:3  | 23121 ||| Stepping ~*~*~tactically~*~*~ (outnumbered).
 23122 | Snake:3  | 23122 ||| Stepping ~*~*~tactically~*~*~ (outnumbered).
 23123 | Snake:3  | Identified the +4 orcbow "Miufeir" {heavy, rPois rCorr
                  | Str+4} (Okawaru gifted it to you on level 3 of the Snake
                  | Pit)
 23123 | Snake:3  | Received a gift from Okawaru
 23124 | Snake:3  | 23124 ||| FLEEEEING.
 23125 | Snake:3  | 23125 ||| FLEEEEING.
 23130 | Snake:3  | 23130 ||| INVOKING Heroism.
 23156 | Snake:3  | 23156 ||| Stepping ~*~*~tactically~*~*~ (outnumbered).
 23158 | Snake:3  | 23158 ||| FLEEEEING.
 23159 | Snake:3  | 23159 ||| FLEEEEING.
 23160 | Snake:3  | 23160 ||| INVOKING Heroism.
 23161 | Snake:3  | 23161 ||| Stepping ~*~*~tactically~*~*~ (outnumbered).
 23162 | Snake:3  | 23162 ||| Stepping ~*~*~tactically~*~*~ (outnumbered).
 23164 | Snake:3  | 23164 ||| Stepping ~*~*~tactically~*~*~ (outnumbered).
 23165 | Snake:3  | 23165 ||| Stepping ~*~*~tactically~*~*~ (outnumbered).
 23167 | Snake:3  | 23167 ||| Stepping ~*~*~tactically~*~*~ (outnumbered).
 23168 | Snake:3  | 23168 ||| Stepping ~*~*~tactically~*~*~ (outnumbered).
 23170 | Snake:3  | 23170 ||| Stepping ~*~*~tactically~*~*~ (outnumbered).
 23171 | Snake:3  | 23171 ||| Stepping ~*~*~tactically~*~*~ (outnumbered).
 23173 | Snake:3  | 23173 ||| Stepping ~*~*~tactically~*~*~ (outnumbered).
 23174 | Snake:3  | 23174 ||| Stepping ~*~*~tactically~*~*~ (outnumbered).
 23176 | Snake:3  | 23176 ||| Stepping ~*~*~tactically~*~*~ (outnumbered).
 23177 | Snake:3  | 23177 ||| Stepping ~*~*~tactically~*~*~ (outnumbered).
 23179 | Snake:3  | 23179 ||| Stepping ~*~*~tactically~*~*~ (outnumbered).
 23180 | Snake:3  | 23180 ||| Stepping ~*~*~tactically~*~*~ (outnumbered).
 23181 | Snake:3  | Killed Vashnia
 23219 | Snake:3  | 23219 ||| Stepping ~*~*~tactically~*~*~ (outnumbered).
 23221 | Snake:3  | 23221 ||| Stepping ~*~*~tactically~*~*~ (outnumbered).
 23223 | Snake:3  | 23223 ||| Stepping ~*~*~tactically~*~*~ (outnumbered).
 23227 | Snake:3  | 23227 ||| Stepping ~*~*~tactically~*~*~ (outnumbered).
 23235 | Snake:3  | 23235 ||| Stepping ~*~*~tactically~*~*~ (outnumbered).
 23262 | Snake:3  | 23262 ||| Stepping ~*~*~tactically~*~*~ (outnumbered).
 23302 | Snake:3  | Noticed Nikola
 23303 | Snake:3  | 23303 ||| INVOKING Heroism.
 23304 | Snake:3  | 23304 ||| INVOKING Finesse.
 23312 | Snake:3  | Killed Nikola
 23368 | Snake:3  | Reached XP level 18. HP: 136/136 MP: 25/25
 23374 | Snake:3  | 23374 ||| FLEEEEING.
 23375 | Snake:3  | 23375 ||| FLEEEEING.
 23388 | Snake:3  | 23388 ||| INVOKING Heroism.
 23403 | Snake:3  | Received a gift from Okawaru
 23427 | Snake:3  | Reached skill level 18 in Fighting
 23473 | Snake:3  | 23473 ||| INVOKING Heroism.
 23482 | Snake:3  | 23482 ||| Stepping ~*~*~tactically~*~*~ (outnumbered).
 23484 | Snake:3  | 23484 ||| Stepping ~*~*~tactically~*~*~ (outnumbered).
 23587 | Snake:3  | 23587 ||| Stepping ~*~*~tactically~*~*~ (outnumbered).
 23592 | Snake:3  | 23592 ||| Stepping ~*~*~tactically~*~*~ (outnumbered).
 23594 | Snake:3  | 23594 ||| RETREATING.
 23603 | Snake:3  | 23603 ||| INVOKING Heroism.
 23612 | Snake:3  | HP: 28/137 [mana viper (12)]
 23612 | Snake:3  | HP: 11/137 [constriction (4)]
 23613 | Snake:3  | 23613 ||| READING scroll of teleportation.
 23614 | Snake:3  | 23614 ||| DRINKING potion of heal wounds.
 23661 | Snake:3  | 23661 ||| INVOKING Heroism.
 23800 | Snake:3  | Found a transporter.
 23803 | Snake:3  | Noticed Icun's ghost (journeyman GnWr)
 23811 | Snake:3  | Found a transporter.
 23818 | Snake:3  | Noticed Roxanne
 23819 | Snake:3  | 23819 ||| INVOKING Heroism.
 23820 | Snake:3  | 23820 ||| INVOKING Finesse.
 23831 | Snake:3  | Killed Roxanne
 23995 | Snake:3  | 23995 ||| INVOKING Heroism.
 23999 | Snake:3  | Reached skill level 12 in Dodging
 24173 | Snake:3  | 24173 ||| Stepping ~*~*~tactically~*~*~ (outnumbered).
 24233 | Snake:3  | 24233 ||| INVOKING Heroism.
 24263 | Snake:3  | 24263 ||| PLANNING SWAMP:1-3
 24420 | Swamp:1  | Entered Level 1 of the Swamp
 24579 | Swamp:1  | 24579 ||| INVOKING Heroism.
 24722 | Swamp:1  | 24722 ||| Stepping ~*~*~tactically~*~*~ (outnumbered).
 24724 | Swamp:1  | 24724 ||| Stepping ~*~*~tactically~*~*~ (outnumbered).
 24726 | Swamp:1  | 24726 ||| Stepping ~*~*~tactically~*~*~ (outnumbered).
 24728 | Swamp:1  | 24728 ||| INVOKING Heroism.
 24890 | Swamp:1  | 24890 ||| SWAPPING to +8 longbow.
 24891 | Swamp:1  | 24891 ||| DROPPING +4 longbow of flaming.
 24970 | Swamp:1  | 24970 ||| RETREATING.
 24991 | Swamp:1  | 24991 ||| INVOKING Heroism.
 24999 | Swamp:1  | HP: 21/140 [ghoul (17)]
 25002 | Swamp:1  | Mangled by a ghoul

Levels and vault maps discovered:
D:1:      wheals_arrival_linesprint, layout_rooms, serial_shops, shop, shop,
          nicolae_shop_statue_plus, nicolae_shop_dealshenge
D:2:      layout_basic, minmay_misc_feat_nine_boxes, minmay_pentomino_v2
D:3:      layout_basic, grunt_temple_overflow_opulence, serial_shops, shop
D:4:      layout_loops_ring, nicolae_uskayaw_murder_on_the_dancefloor,
          temple_fountains, uniq_menkaure, uniq_ijyb
D:5:      layout_cave_pools, nicolae_overflow_crystal_walls,
          mainiacjoe_overflow_cross_hatched
D:6:      layout_basic, enter_ossuary_4
D:7:      layout_cave_pods
D:8:      layout_cave_pools, old_standard_altar, mainiacjoe_overflow_swirl,
          mainiacjoe_overflow_concentric_impassable, lair_entry_dummy
D:9:      layout_basic, zin_purify
D:10:     layout_roguey, slow_altar_2, mainiacjoe_overflow_paths,
          lemuel_round_altar, nicolae_yredelemnul_corpse_copse,
          minmay_orc_entry_guard_dogs, muffindrake_ghost_dual_entry
D:11:     nicolae_hitomezashi [nicolae_hito_row, nicolae_hito_row,
          nicolae_hito_row, nicolae_hito_row, nicolae_hito_row,
          nicolae_hito_row, nicolae_hito_row, nicolae_hito_row,
          nicolae_hito_row, nicolae_hito_row, nicolae_hito_row,
          nicolae_hito_row, nicolae_hito_row, nicolae_hito_row,
          nicolae_hito_row, nicolae_hito_row, nicolae_hito_row,
          nicolae_hito_row], layout_loops_ring,
          portal_ice_cave_entry_ice_simulacra, cheibrodos_ashenzari_chains
D:12:     layout_rooms, serial_shops, nicolae_shop_tiny_real_fake_doors,
          minmay_fountain_box, nicolae_kite_square_tiling_tiny
D:13:     layout_layer_cave, hellmonk_vaults_attempted_burglary, serial_bayou,
          serial_bayou_lagoon_b, serial_bayou_lake_a, serial_bayou_lagoon_a,
          serial_bayou_shore_a, serial_bayou_pond_e, gauntlet_entry_generic,
          uniq_kirke
D:14:     minmay_roctagon, layout_long_grid, hangedman_decor_clover_reticule,
          laboratory
D:15:     gammafunk_depths_entry_grave, layout_loops_ring,
          nzn_wu_jian_council_hall, serial_shops, shop, shop
Temple:   nicolae_temple_two_arcs
Lair:1:   layout_cave_pods, wad_woods_03
Lair:2:   layout_chaotic_city, skrybe_swamp_entry_bodies, st_stairs_10
Lair:3:   layout_regular_city, nicolae_snake_entry_squirm, grunt_megastairs_5
Lair:4:   layout_regular_city
Lair:5:   minmay_lair_end_enchanted_forest, layout_loops_ring,
          dpeg_slime_entry_enclosed, serial_forest,
          infiniplex_forest_straight_2, infiniplex_forest_lined_room_2,
          infiniplex_forest_lined_room_3, infiniplex_forest_corner_2,
          infiniplex_forest_lined_3, infiniplex_forest_clump_curved,
          grunt_megastairs_2, uniq_nessos
Swamp:1:  layout_basic_swamp, evilmike_swamp_ruin_house_4, swamp_pool1,
          beargit_elvish_explorers
Snake:1:  layout_layer_cave, uniq_agnes, uniq_aizul, uniq_louise
Snake:2:  layout_chambers, uniq_frances
Snake:3:  nicolae_snake_shooting_gallery, layout_gridlike,
          gammafunk_ghost_arena, uniq_vashnia, uniq_nikola, uniq_roxanne
Orc:1:    layout_caves, biasface_ghost_orc_armoury, elves_outpost_lemuel
Orc:2:    grunt_orc_tribal_feast, layout_diamond_mine, basic_altar

Skill      XL: |  1  2  3  4  5  6  7  8  9 10 11 12 13 14 15 16 17 18 |
---------------+-------------------------------------------------------+-----
Ranged Weapons | 5 6 7 8 10 11 13 14 16 18 19 20 | 20.0
Fighting       | 3 4 5 6 14 17 19 | 19.0
Armour         | 1 2 3 5 6 8 10 | 10.7
Dodging        | 2 3 4 5 7 8 9 11 12 | 12.2
Invocations    | 1 4 5 9 10 | 10.0
Stealth        | |  1.1

Action                     |  1- 3 |  4- 6 |  7- 9 | 10-12 | 13-15 | 16-18 || total
---------------------------+-------+-------+-------+-------+-------+-------++-------
   Fire: Shortbow          |    69 |       |       |       |       |       ||    69
         Sling             |    38 |   128 |    92 |       |       |       ||   258
         Orcbow            |       |       |    48 |   441 |    74 |       ||   563
         Longbow           |       |       |       |       |   961 |  1360 ||  2321
 Invoke: Heroism           |       |       |     4 |    17 |    20 |    28 ||    69
         Finesse           |       |       |       |       |     7 |     5 ||    12
    Use: Scroll            |     4 |     4 |     7 |     8 |    11 |     6 ||    40
         Potion            |       |     4 |     2 |     4 |     4 |     9 ||    23
 Armour: Leather armour    |    18 |    25 |       |       |       |       ||    43
         Ring mail         |       |       |    46 |   131 |   362 |       ||   539
         Troll leather arm |       |       |       |       |       |   434 ||   434
  Dodge: Dodged            |    11 |    25 |    40 |   101 |   269 |   637 ||  1083

Table legend:
 A = Non-vault XP
 B = Vault XP
 C = Vault XP percentage of total XP
 D = Non-vault monster count
 E = Vault monster count
 F = Vault count percentage of total count
                 A         B        C        D         E       F
            +---------+---------+-------+---------+---------+-------
      Total |  163332 |   75763 |  31.7 |     644 |     198 |  23.5
            +---------+---------+-------+---------+---------+-------
        D:1 |      32 |       0 |   0.0 |      20 |       0 |   0.0
        D:2 |      72 |       4 |   5.3 |      28 |       2 |   6.7
        D:3 |      45 |       0 |   0.0 |      15 |       0 |   0.0
        D:4 |     466 |     209 |  31.0 |      23 |       2 |   8.0
        D:5 |     895 |       0 |   0.0 |      27 |       0 |   0.0
        D:6 |     780 |       2 |   0.3 |      15 |       2 |  11.8
        D:7 |    1134 |       0 |   0.0 |       7 |       0 |   0.0
        D:8 |    1620 |       0 |   0.0 |      25 |       0 |   0.0
        D:9 |    2942 |       0 |   0.0 |      21 |       0 |   0.0
       D:10 |    3293 |    3209 |  49.4 |      27 |      15 |  35.7
       D:11 |    1960 |     157 |   7.4 |      14 |       5 |  26.3
       D:12 |    8093 |       0 |   0.0 |      33 |       0 |   0.0
       D:13 |    9936 |    2612 |  20.8 |      26 |       5 |  16.1
       D:14 |    7979 |    7458 |  48.3 |      17 |      20 |  54.1
       D:15 |    8304 |    5455 |  39.6 |      18 |       8 |  30.8
     Lair:1 |    5316 |       0 |   0.0 |      18 |       0 |   0.0
     Lair:2 |    6309 |    2648 |  29.6 |      23 |       8 |  25.8
     Lair:3 |    6262 |    1103 |  15.0 |      24 |       5 |  17.2
     Lair:4 |    2658 |       0 |   0.0 |       7 |       0 |   0.0
     Lair:5 |   14367 |   13306 |  48.1 |      37 |      60 |  61.9
    Swamp:1 |   17796 |    3396 |  16.0 |      34 |       5 |  12.8
    Snake:1 |    6132 |    4086 |  40.0 |      10 |       3 |  23.1
    Snake:2 |   13400 |    1575 |  10.5 |      27 |       1 |   3.6
    Snake:3 |   34458 |   17562 |  33.8 |      72 |      17 |  19.1
      Orc:1 |    1598 |    5597 |  77.8 |      23 |      10 |  30.3
      Orc:2 |    7485 |    7384 |  49.7 |      53 |      30 |  36.1
            +---------+---------+-------+---------+---------+-------
